 Dungeon Crawl Stone Soup version 0.19.1 (webtiles) character file.

134756 ChaseSP the Severer (level 17, -7/133 HPs)
             Began as a Formicid Fighter on Dec 1, 2016.
             Was a High Priest of Qazlal.
             Mangled by Mara (illusionary)
             ... wielding a +2 demon trident of venom
              (30 damage)
             ... on level 3 of the Swamp.
             The game lasted 01:01:42 (23084 turns).

ChaseSP the Severer (Formicid Fighter)             Turns: 23084, Time: 01:01:43

Health: -7/133     AC: 20    Str: 24    XL:     17   Next: 76%
Magic:  6/26       EV: 13    Int:  7    God:    Qazlal [*****.]
Gold:   2474       SH: 32    Dex: 15    Spells: 0 memorised, 25 levels left

rFire  . . .     SeeInvis +     z - +2 battleaxe (flame)
rCold  + . .     Gourm    .     Y - +0 scale mail of the Storm King {+Fly rPois Regen+}
rNeg   . . .     Faith    .     n - +0 large shield
rPois  +         Spirit   .     (helmet unavailable)
rElec  +         Reflect  .     i - +0 cloak {MR+}
rCorr  .         Harm     +     G - +0 pair of gloves
MR     ++...                    E - +2 pair of boots
Stlth  ..........               Q - amulet of harm
                                I - +4 ring of protection
                                W - ring of ice

@: lethally poisoned (-7 -> -7), protected from fire, repel missiles
A: permanent stasis, dig shafts and tunnels, four strong arms, antennae 3, large
bone plates 1, blurry vision 1, shaggy fur 1, electricity resistance
a: Dig, Shaft Self, Upheaval, Elemental Force, Disaster Area, Renounce Religion,
Evoke Flight


You were on level 3 of the Swamp.
You worshipped Qazlal.
Qazlal was extremely pleased with you.
You were not hungry.

You visited 5 branches of the dungeon, and saw 27 of its levels.
You also visited: Ossuary and Ice Cave.

You collected 2837 gold pieces.
You spent 363 gold pieces at shops.

Inventory:

Hand Weapons
 c - a cursed -2 arbalest
 z - a +2 battleaxe of flaming (weapon)
Missiles
 A - 188 bolts
Armour
 i - a +0 cloak of magic resistance (worn)
 n - a +0 large shield (worn)
 E - a +2 pair of boots (worn)
 G - a +0 pair of gloves (worn)
 J - a +0 plate armour of fire resistance
 Y - the +0 scale mail of the Storm King (worn) {+Fly rPois Regen+}
   (You bought it in a shop on level 5 of the Dungeon)

   It protects you from poison.
   It lets you fly.
   It increases your rate of regeneration.
Jewellery
 j - an uncursed ring of fire
 v - an uncursed ring of protection from magic
 H - an uncursed amulet of guardian spirit
 I - a +4 ring of protection (right hand)
 K - an uncursed ring of flight
 L - a +4 ring of slaying
 Q - an amulet of harm (around neck)
 S - an uncursed ring of resist corrosion
 W - a ring of ice (left hand)
 X - a +2 ring of protection
Wands
 a - a wand of digging (8/24)
 q - a wand of iceblast (5/15)
 r - a wand of teleportation (3/9)
 B - a wand of enslavement (12/24)
 D - a wand of slowing (10/48)
 F - a wand of heal wounds (1/9)
 N - a wand of paralysis (16/24)
Scrolls
 e - 5 scrolls of fear
 k - 3 scrolls of fog
 o - 3 scrolls of enchant armour
 p - 15 scrolls of remove curse
 w - 6 scrolls of enchant weapon
 y - a scroll of amnesia
 M - 5 scrolls of identify
 T - 2 scrolls of magic mapping
Potions
 d - 3 potions of cancellation
 g - 3 potions of heal wounds
 m - 3 potions of lignification
 s - 8 potions of flight
 t - 7 potions of curing
 x - a potion of ambrosia
 C - 2 potions of invisibility
 O - a potion of resistance
 P - a potion of might
 U - 4 potions of brilliance
 V - 3 potions of cure mutation
Books
 h - a book of Party Tricks

   Spells                             Type                      Level
   a - Summon Butterflies             Summoning                    1
   b - Apportation                    Translocation                1
   c - Lesser Beckoning               Translocation                3
   d - Tukima's Dance                 Hexes                        3
   e - Alistair's Intoxication        Transmutation/Poison         5
   f - Invisibility                   Hexes                        6
Comestibles
 b - a slice of pizza
 f - 15 bread rations
 l - 20 royal jellies
 u - 12 meat rations
 R - 9 fruits


   Skills:
 * Level 12.1 Fighting
 * Level 18.1 Axes
 + Level 11.3 Armour
 + Level 5.3 Dodging
 - Level 15.0 Shields
 - Level 4.8 Spellcasting
 + Level 12.8 Invocations
 + Level 6.2 Evocations


You had 25 spell levels left.
You didn't know any spells.

Dungeon Overview and Level Annotations

Branches:
Dungeon (15/15)            Temple (1/1) D:6            Lair (6/6) D:11
  Swamp (3/4) Lair:3       Spider (0/4) Lair:3        Slime (0/5) Lair:6
    Orc (2/2) D:10            Elf (0/3) Orc:2        Vaults (0/5) D:14
 Depths (0/5) D:15

Altars:
Ashenzari
Cheibriados
Dithmenos
Elyvilon
Fedhas
Gozag
Hepliaklqana
Kikubaaqudgha
Makhleb
Nemelex Xobeh
Okawaru
Qazlal
Ru
Sif Muna
Trog
Uskayaw
Vehumet
Xom
Yredelemnul
Zin
The Shining One

Shops:
D:5 [   D:10 *   Orc:1 :   Orc:2 *?[?

Annotations:
Swamp:3 Mara


Innate Abilities, Weirdness & Mutations

You are under a permanent stasis effect.
You can dig through walls and to a lower floor.
Your four strong arms can wield two-handed weapons with a shield.
You have a pair of large antennae on your head. (SInv)
You are partially covered in large bone plates. (SH +4)
Scrolls take you a little longer to read.
You are covered in fur. (AC +1)
You are resistant to electric shocks. (rElec)


Message History

Zapping:
F - a wand of heal wounds (2/9)
Press: ? - help, Shift-Dir - straight line, f - you You feel much better.
This wand has 1 charge left.
You block Mara's attack.
Mara points ostentatiously.
Mara hits you with a demon trident of venom!
* * * LOW HITPOINT WARNING * * *
You block ChaseSP's illusion's attack.
Unknown command.
Okay, then.
Nature churns violently around you!
The blast of rubble hits Mara.
Mara is heavily wounded.
The blast of rubble hits Mara.
Mara is severely wounded.
The blast of magma engulfs the spiny frog.
You kill the spiny frog!
Qazlal accepts your kill.
You feel sick.
Mara hits you from afar with a demon trident of venom!!
You die...

♣♣♣♣.≈≈≈≈♣♣{{
♣♣♣..≈.≈.≈♣♣ .≈§.≈.≈♣♣
♣.§≈≈≈≈≈≈§♣ ≈.≈≈...♣♣
≈≈≈≈≈≈≈≈≈.♣ §§≈≈≈≈.≈≈
≈≈≈≈≈≈≈≈≈≈♣ ≈≈≈≈§§≈..
≈≈≈.≈..≈.♣♣ ♣.%..≈≈.≈
≈≈.......♣♣ ♣§§.≈.§≈≈
≈≈........♣♣♣ ♣♣§§R..≈≈.
.♣♣≈≈.♣.≈§.≈♣♣♣≈@R≈≈≈≈..
......≈.§R≈≈..≈@♣♣♣§§≈≈≈
§≈.♣♣≈...≈≈≈≈≈§§≈♣ ≈≈≈
≈≈≈.≈...♣.§#§≈..♣≈♣ ≈
.≈≈≈.♣≈.≈≈≈≈.#.≈...♣
.§≈≈≈♣♣...!≈.#...§%♣
.≈≈≈♣♣.≈≈....#...≈.♣
..≈≈.#..)≈..$#..≈....
≈.≈≈.........#(≈≈.≈..≈


You could see 3 Maras and ChaseSP's illusion.

Vanquished Creatures
  Rupert (D:12)
  Gastronok (Lair:1)
  A thorn hunter (Swamp:1)
  A frost giant (IceCv)
  Aizul (Swamp:3)
  A dire elephant (D:15)
  2 ettins
  Erolcha (D:9)
  A great orb of eyes (D:15)
  12 hydras
  4 centaur warriors
  2 dancing weapons (D:14)
  3 alligators
  16 death yaks
  A tengu warrior (D:14)
  4 orc high priests (Orc:2)
  6 spriggans (Swamp:3)
  Sonja (Lair:3)
  2 shambling mangroves (Swamp:3)
  2 wizards (D:14)
  2 swamp dragons (Swamp:3)
  A spriggan druid (Swamp:3)
  2 hill giants
  4 harpies (D:15)
  3 orc knights
  4 orc sorcerers
  8 ugly things
  2 wolf spiders
  A deep elf mage (D:12)
  2 oklob plants (Lair:4)
  3 cyclopes
  3 manticores
  A salamander (D:15)
  4 elephants
  6 black mambas
  Joseph (D:10)
  Psyche (D:12)
  An ice statue (IceCv)
  33 spiny frogs
  The ghost of Hiru the Digger, a novice FoEE of Okawaru (D:4)
  2 gargoyles (D:12)
  An efreet (D:15)
  10 rime drakes
  3 orange demons (D:14)
  7 komodo dragons
  A tengu conjurer (D:14)
  9 trolls
  8 tyrant leeches
  A jumping spider (Lair:3)
  11 polar bears
  Grinder (D:4)
  A wolf spider simulacrum (D:15)
  A queen bee (Lair:3)
  11 hornets
  A two-headed ogre (shapeshifter) (D:15)
  21 blink frogs
  12 slime creatures (Swamp:1)
  3 two-headed ogres
  6 hippogriffs
  3 bog bodies
  A meliai zombie (D:15)
  11 dream sheep
  2 redbacks (Lair:3)
  A shapeshifter (D:15)
  2 shadows
  Eustachio (D:5)
  3 wyverns
  2 wraiths
  67 yaks
  A human (D:7)
  3 hogs (D:7)
  3 hungry ghosts
  3 basilisks
  A steam dragon (D:6)
  23 vampire mosquitoes
  2 mottled dragons (D:12)
  3 insubstantial wisps (Swamp:1)
  5 wargs
  11 swamp worms
  10 water moccasins
  9 porcupines
  Duvessa (D:4)
  A hornet zombie (D:15)
  6 swamp drakes
  The ghost of Elyvilon the Skirmisher, an amateur TrWn (D:3)
  3 ice beasts
  22 orc warriors
  A sky beast (D:12)
  3 eyes of draining
  3 phantoms
  A necrophage (D:7)
  12 ogres
  22 wolves
  10 centaurs
  12 crocodiles
  2 elf zombies (Ossuary)
  Blork the orc (D:4)
  2 gnoll sergeants
  31 bullfrogs
  Dowan (D:4)
  A water moccasin zombie (D:9)
  2 water moccasin skeletons
  11 scorpions
  29 killer bees
  3 wights (D:10)
  6 electric eels
  4 howler monkeys
  5 centaur zombies
  A crimson imp (D:12)
  5 human zombies (Ossuary)
  3 hounds
  6 jellies
  A quasit (D:7)
  27 orc priests
  A bullfrog skeleton (D:7)
  6 centaur skeletons
  Terence (D:2)
  23 orc wizards
  Ijyb (D:3)
  5 iguanas
  11 worker ants
  A hell rat (Lair:1)
  A killer bee zombie (D:7)
  A big kobold zombie (Ossuary)
  2 mummies (Ossuary)
  8 gnolls
  A howler monkey skeleton (D:6)
  9 adders
  5 river rats
  4 shadow imps
  3 oozes
  An adder skeleton (D:4)
  2 adder zombies (D:6)
  3 worms (D:2)
  A dart slug (D:1)
  6 leopard geckos
  61 orcs
  11 bats
  6 giant cockroaches
  3 goblins
  6 hobgoblins
  6 jackals
  6 kobolds
  6 quokkas
  3 ball pythons
  3 frilled lizards
  A goblin zombie (Ossuary)
  11 hobgoblin zombies (Ossuary)
  2 jackal skeletons (D:4)
  6 kobold zombies (Ossuary)
  A leopard gecko skeleton (D:5)
  9 orc zombies (Ossuary)
  A quokka zombie (D:8)
  24 rats
  A rat zombie (Ossuary)
  A bush (Lair:6)
  39 fungi
  27 plants
992 creatures vanquished.

Vanquished Creatures (collateral kills)
  A howler monkey (D:9)
1 creature vanquished.

Vanquished Creatures (others)
  A spiny frog (Swamp:1)
  A polar bear (IceCv)
  A yak (Lair:6)
  An ooze (Lair:6)
  A leopard gecko (D:6)
  8 fungi
  35 plants
48 creatures vanquished.

Grand Total: 1041 creatures vanquished

Notes
Turn   | Place    | Note
-------+----------+-------------------------------------------
     0 | D:1      | ChaseSP the Formicid Fighter began the quest for the Orb.
     0 | D:1      | Reached XP level 1. HP: 18/18 MP: 1/1
   190 | D:1      | Reached XP level 2. HP: 19/24 MP: 2/2
   549 | D:1      | Reached skill level 3 in Axes
   868 | D:2      | Noticed Terence
   876 | D:2      | Killed Terence
   876 | D:2      | Reached XP level 3. HP: 18/29 MP: 3/3
   911 | D:2      | Reached skill level 4 in Axes
   911 | D:2      | Reached XP level 4. HP: 26/35 MP: 4/4
  1705 | D:3      | Noticed Elyvilon's ghost (amateur TrWn)
  1991 | D:3      | Noticed Ijyb
  2002 | D:3      | Killed Ijyb
  2002 | D:3      | Reached XP level 5. HP: 35/41 MP: 5/5
  2132 | D:3      | Reached skill level 5 in Axes
  2289 | D:3      | Killed Elyvilon's ghost
  2289 | D:3      | Reached XP level 6. HP: 35/47 MP: 6/6
  2590 | D:4      | Reached skill level 5 in Shields
  2649 | D:4      | Reached skill level 6 in Axes
  2659 | D:4      | Noticed Grinder
  2677 | D:4      | Killed Grinder
  2677 | D:4      | Reached XP level 7. HP: 44/52 MP: 7/7
  2882 | D:4      | Noticed Blork the orc
  2886 | D:4      | Noticed Hiru's ghost (novice FoEE)
  2891 | D:4      | Killed Blork the orc
  2891 | D:4      | Reached skill level 7 in Axes
  2932 | D:4      | Killed Hiru's ghost
  2932 | D:4      | Reached skill level 8 in Axes
  2932 | D:4      | Reached XP level 8. HP: 21/58 MP: 8/8
  3187 | D:4      | Noticed Duvessa
  3187 | D:4      | Noticed Dowan
  3215 | D:4      | Killed Duvessa
  3226 | D:4      | Killed Dowan
  3653 | D:5      | Entered Level 5 of the Dungeon
  3924 | D:5      | Found Rutuajalo's Antique Armour Shoppe.
  4258 | D:5      | Noticed Eustachio
  4296 | D:5      | Killed Eustachio
  4296 | D:5      | Reached skill level 9 in Axes
  4296 | D:5      | Reached XP level 9. HP: 58/64 MP: 9/9
  4457 | D:6      | Found a staircase to the Ecumenical Temple.
  4473 | Temple   | Entered the Ecumenical Temple
  4510 | Temple   | Became a worshipper of Qazlal Stormbringer
  5031 | D:6      | Reached skill level 10 in Axes
  5814 | D:7      | Noticed a hippogriff
  5822 | D:7      | Killed a hippogriff
  5993 | D:7      | Reached * piety under Qazlal
  5993 | D:7      | Reached skill level 11 in Axes
  5993 | D:7      | Reached XP level 10. HP: 42/70 MP: 10/10
  6194 | D:7      | Found a sand-covered staircase.
  6199 | Ossuary  | Entered an ossuary
  6301 | Ossuary  | Reached ** piety under Qazlal
  6334 | Ossuary  | Reached skill level 10 in Shields
  6442 | D:7      | Reached skill level 1 in Invocations
  6567 | D:7      | Reached skill level 12 in Axes
  6872 | D:8      | Reached *** piety under Qazlal
  7020 | D:5      | Bought a scorched scale mail for 306 gold pieces
  7030 | D:5      | Identified the +0 scale mail of the Storm King {+Fly rPois Regen+} (You bought it in a shop on level 5 of the Dungeon)
  7218 | D:8      | Gained mutation: You are partially covered in large bone plates. (SH +4) [potion of mutation]
  7218 | D:8      | Gained mutation: Scrolls take you a little longer to read. [potion of mutation]
  7228 | D:8      | Found a shadowy altar of Dithmenos.
  7669 | D:9      | Noticed Erolcha
  7680 | D:9      | Killed Erolcha
  7680 | D:9      | Reached XP level 11. HP: 48/75 MP: 6/14
  7691 | D:9      | Gained mutation: You are resistant to electric shocks. (rElec) [potion of mutation]
  8331 | D:9      | Noticed a green ugly thing
  8342 | D:9      | Killed a green ugly thing
  8342 | D:9      | Reached skill level 5 in Invocations
  8568 | D:10     | Entered Level 10 of the Dungeon
  8609 | D:10     | Reached skill level 13 in Axes
  8694 | D:10     | Noticed Joseph
  8712 | D:10     | Killed Joseph
  8748 | D:10     | Found Zaotweov's Assorted Antiques.
  8751 | D:10     | Bought a scroll labeled ZAATEU SAXTOAPTE for 29 gold pieces
  8921 | D:10     | Found a staircase to the Orcish Mines.
  9025 | D:10     | Found a shattered altar of Ashenzari.
  9041 | D:10     | Found a shadowy altar of Dithmenos.
  9172 | D:11     | Reached **** piety under Qazlal
  9224 | D:11     | Found a staircase to the Lair.
  9402 | D:11     | Found a sacrificial altar of Ru.
  9723 | Lair:1   | Entered Level 1 of the Lair of Beasts
  9748 | Lair:1   | Reached skill level 1 in Dodging
  9783 | Lair:1   | Reached XP level 12. HP: 72/83 MP: 13/17
  9838 | Lair:1   | Noticed Gastronok
  9851 | Lair:1   | Killed Gastronok
 10181 | Lair:1   | Reached skill level 14 in Axes
 10185 | Lair:1   | Reached ***** piety under Qazlal
 10219 | Lair:1   | Noticed a seven-headed hydra
 10231 | Lair:1   | Killed a seven-headed hydra
 10231 | Lair:1   | Reached skill level 5 in Armour
 10479 | Lair:2   | Reached skill level 5 in Fighting
 11361 | Lair:2   | Reached XP level 13. HP: 79/93 MP: 16/19
 11437 | Lair:3   | Noticed Sonja
 11622 | Lair:3   | Killed Sonja
 11711 | Lair:3   | Reached skill level 15 in Axes
 12007 | Lair:3   | Found a hole to the Spider Nest.
 12062 | Lair:3   | Found a staircase to the Swamp.
 12712 | Lair:4   | Reached XP level 14. HP: 78/103 MP: 5/21
 12916 | Lair:4   | Reached skill level 10 in Invocations
 12921 | Lair:4   | Reached skill level 1 in Spellcasting
 13404 | Lair:5   | Gained mutation: You are covered in fur. (AC +1) [potion of beneficial mutation]
 13467 | Lair:5   | You fall through a shaft!
 13467 | Lair:6   | Entered Level 6 of the Lair of Beasts
 13558 | Lair:6   | Reached skill level 16 in Axes
 13637 | Lair:6   | Reached ****** piety under Qazlal
 13662 | Lair:6   | Reached XP level 15. HP: 78/113 MP: 2/23
 13781 | Lair:6   | Found a frozen archway.
 13819 | IceCv    | Entered an ice cave
 14181 | IceCv    | Noticed a frost giant
 14199 | IceCv    | Killed a frost giant
 15091 | Lair:6   | Found a staircase to the Slime Pits.
 15377 | Lair:5   | Reached skill level 10 in Fighting
 16182 | Orc:1    | Entered Level 1 of the Orcish Mines
 16270 | Orc:1    | Found Tuoraud's Book Shoppe.
 16385 | Orc:2    | Entered Level 2 of the Orcish Mines
 16402 | Orc:2    | Reached skill level 1 in Evocations
 16466 | Orc:2    | Reached skill level 10 in Armour
 16496 | Orc:2    | Found a staircase to the Elven Halls.
 16621 | Orc:1    | Reached XP level 16. HP: 122/122 MP: 24/24
 16772 | Orc:1    | Reached skill level 17 in Axes
 17444 | Orc:2    | Found Neolib's Antique Armour Shop.
 17444 | Orc:2    | Found Titaes's Magic Scroll Shop.
 17445 | Orc:2    | Found Pijaiblu's Magic Scroll Boutique.
 17448 | Orc:2    | Found Voastou's Assorted Antiques.
 17454 | Orc:2    | Bought a fuming blue potion for 28 gold pieces
 18393 | D:12     | Noticed Rupert
 18403 | D:12     | Killed Rupert
 18486 | D:12     | Noticed Psyche
 18488 | D:12     | Killed Psyche
 19476 | D:14     | Found a shimmering altar of Xom.
 19610 | D:14     | Found a gate to the Vaults.
 20044 | D:15     | Entered Level 15 of the Dungeon
 20069 | D:15     | Reached skill level 15 in Shields
 20214 | D:15     | Reached XP level 17. HP: 131/131 MP: 26/26
 20363 | D:15     | Reached skill level 5 in Evocations
 20429 | D:15     | Found a staircase to the Depths.
 20716 | Swamp:1  | Entered Level 1 of the Swamp
 20889 | Swamp:1  | Noticed a thorn hunter
 20899 | Swamp:1  | Killed a thorn hunter
 22512 | Swamp:3  | Reached skill level 5 in Dodging
 22563 | Swamp:3  | Reached skill level 18 in Axes
 22567 | Swamp:3  | Noticed Aizul
 22576 | Swamp:3  | Killed Aizul
 23024 | Swamp:3  | Noticed Mara
 23039 | Swamp:3  | Noticed ChaseSP's illusion
 23048 | Swamp:3  | Noticed ChaseSP's illusion
 23071 | Swamp:3  | Noticed ChaseSP's illusion
 23078 | Swamp:3  | HP: 5/133 [ChaseSP's illusion[Mara] (12)]
 23084 | Swamp:3  | Mangled by Mara (illusionary)

Skill      XL: |  1  2  3  4  5  6  7  8  9 10 11 12 13 14 15 16 17 |
---------------+----------------------------------------------------+-----
Axes           | 3 4 5 6 8 9 11 12 13 14 15 16 17 18 | 18.1
Shields        | 4 5 6 7 9 10 11 12 13 14 15 | 15.0
Invocations    | 4 6 8 9 10 11 12 | 12.8
Dodging        | 1 2 4 5 |  5.3
Armour         | 4 5 7 8 10 11 | 11.3
Fighting       | 5 7 9 10 11 12 | 12.1
Spellcasting   | 3 4 |  4.8
Evocations     | 1 4 6 |  6.2

Action                   |  1- 3 |  4- 6 |  7- 9 | 10-12 | 13-15 | 16-18 || total
-------------------------+-------+-------+-------+-------+-------+-------++-------
Melee: War axe           |    71 |   136 |   307 |       |       |       ||   514
       Broad axe         |       |       |    11 |   643 |   668 |       ||  1322
       Flail             |       |       |       |     4 |       |       ||     4
       Dire flail        |       |       |       |     9 |     5 |       ||    14
       Battleaxe         |       |       |       |       |   184 |   684 ||   868
Invok: Upheaval          |       |       |       |     1 |     7 |     1 ||     9
       Elemental Force   |       |       |       |     1 |       |     1 ||     2
       Disaster Area     |       |       |       |     1 |     2 |     5 ||     8
 Abil: Dig               |       |     2 |     5 |     3 |     8 |     2 ||    20
Evoke: Wand              |       |       |       |       |     3 |     7 ||    10
  Use: Potion            |       |     1 |     3 |     3 |     3 |     4 ||    14
       Scroll            |       |       |       |    27 |     7 |     1 ||    35
 Stab: Distracted        |       |       |       |       |     1 |       ||     1
  Eat: Chunk             |       |     6 |     7 |    22 |     9 |    19 ||    63
       Royal jelly       |       |       |     1 |       |       |       ||     1
       Pizza             |       |       |     1 |       |       |       ||     1
       Fruit             |       |       |     1 |       |    11 |     3 ||    15
       Beef jerky        |       |       |       |       |       |     1 ||     1
Armor: Scale mail        |    28 |    54 |    33 |    58 |   123 |    48 ||   344
       Chain mail        |       |       |    83 |    53 |       |       ||   136
       Plate armour      |       |       |       |       |       |    53 ||    53
       Skin              |       |       |       |       |       |     3 ||     3
Dodge: Dodged            |    16 |    28 |    61 |    77 |   119 |    75 ||   376
       Deflected         |       |       |       |       |     1 |     1 ||     2
Block: Shield            |    36 |    71 |   143 |       |       |       ||   250
       Large shield      |       |       |    31 |   630 |   900 |   759 ||  2320
